 Dungeon Sprint DCSS version 0.19-a0-462-g6140235 (webtiles) character file.

42364 Groucho the Impregnable (level 14, -12/90 HPs)
             Began as a Gargoyle Fighter on June 3, 2016.
             Was the Champion of Makhleb.
             Killed by Lee's Rapid Deconstruction
             ... invoked by a deep troll earth mage
              (21 damage)
             ... in the Dungeon (Sprint IX: "|||||||||||||||||||||||||||||").
             The game lasted 00:16:09 (6431 turns).

Groucho the Impregnable (Gargoyle Fighter)          Turns: 6431, Time: 00:16:10

Health: -12/90     AC: 39    Str: 32    XL:     14   Next: 19%
Magic:  0/21       EV: 18    Int:  4    God:    Makhleb [******]
Gold:   32         SH: 16    Dex: 17    Spells: 0 memorised, 13 levels left

rFire  . . .     SeeInvis .     J - +6 demon whip
rCold  + . .     Gourm    .     s - +3 plate armour {rPois}
rNeg   + + .     Faith    .     c - +0 shield
rPois  ∞         Spirit   +     t - +0 helmet
rElec  +         Dismiss  .     G - +1 cloak
rCorr  +         Reflect  .     (no gloves)
SustAt .         Harm     .     D - +0 pair of boots
MR     +....     NoTele   +     B - amulet of guardian spirit
Stlth  ..........               C - ring "Ninaigat" {rCorr rC+ rN+ Int-5 Dex+5}
                                A - ring of Gixzaul {Str+7 Dex+3}

@: somewhat resistant to hostile enchantments, extremely unstealthy
A: big wings, negative energy resistance 1, electricity resistance, unbreathing,
petrification resistance, rot immunity, AC +9
a: Fly, Minor Destruction, Lesser Servant of Makhleb, Major Destruction, Greater
Servant of Makhleb, Renounce Religion


You were in the Dungeon.
You worshipped Makhleb.
Makhleb was exalted by your worship.
You were not hungry.

You visited 1 branch You collected 1910 gold pieces.
You spent 1878 gold pieces at shops.

Inventory:

Hand Weapons
 p - a +2 morningstar of protection
 J - a +6 demon whip (weapon)
Armour
 c - a +0 shield (worn)
 s - a +3 plate armour of poison resistance (worn)
 t - a +0 helmet (worn)
 D - a +0 pair of boots (worn)
 G - a +1 cloak (worn)
Jewellery
 r - an uncursed ring of protection from fire
 u - an uncursed ring of ice
 A - the ring of Gixzaul (left hand) {Str+7 Dex+3}
   (You bought it in a shop in the Dungeon)

   [ring of dexterity]

   It affects your strength (+7).
   It affects your dexterity (+3).
 B - an amulet of guardian spirit (around neck)
 C - the ring "Ninaigat" (right hand) {rCorr rC+ rN+ Int-5 Dex+5}
   (You bought it in a shop in the Dungeon)

   [ring of resist corrosion]

   It affects your intelligence (-5).
   It affects your dexterity (+5).
   It protects you from cold.
   It protects you from negative energy.
 E - an uncursed ring of protection from fire
Wands
 o - a wand of acid (7/15)
 q - a wand of flame (13/48)
Scrolls
 f - 2 scrolls of enchant armour
 g - 4 scrolls of fear
 k - 4 scrolls of blinking
 m - 5 scrolls of remove curse
 n - 2 scrolls of amnesia
 y - 2 scrolls of fog
Potions
 a - 5 potions of heal wounds
 b - a potion of agility
 d - a potion of might
 e - a potion of invisibility
 i - 4 potions of magic
 j - a potion of berserk rage
 l - 2 potions of curing
 z - a potion of lignification {unknown}
 H - a potion of brilliance
 I - 2 potions of haste
Comestibles
 h - 12 meat rations
 w - 38 fruits
 x - 9 bread rations


   Skills:
 - Level 11.5 Fighting
   Level 9.4(12.0) Axes
 - Level 13.0(14.2) Maces & Flails
 - Level 22.6 Armour
 * Level 14.2 Dodging
 - Level 17.0 Shields
 - Level 9.8 Invocations


You had 13 spell levels left.
You didn't know any spells.

Dungeon Overview and Level Annotations

Branches:
Dungeon (1/1)

Altars:
Cheibriados
Dithmenos
Elyvilon
Fedhas
Gozag
Hepliaklqana
Kikubaaqudgha
Makhleb
Nemelex Xobeh
Okawaru
Pakellas
Qazlal
Ru
Sif Muna
Trog
Uskayaw
Vehumet
Xom
Yredelemnul
Zin
The Shining One
Beogh
Jiyva
Lugonu

Shops:
D %=[:

Annotations:
D Maurice, Sonja


Innate Abilities, Weirdness & Mutations

You are resistant to torment.
Your stone body is resilient. (AC +9)
You are immune to poison.
Your large and strong wings let you fly indefinitely.
You resist negative energy. (rN+)
You are resistant to electric shocks. (rElec)
You can survive without breathing.
You are immune to petrification.
You are immune to rotting.


Message History

Your ufetubus is burned terribly!
Your ufetubus dies!
You whack the fire giant!
The fire giant is moderately wounded.
Unknown command.
Okay, then.
Evoke which item? (* to show all) (? for menu, Esc to quit)
Okay, then.
You feel much better.
The fire giant points at you and mumbles some strange words.
The bolt of fire hits you!
* * * LOW HITPOINT WARNING * * *
The bolt of fire hits your smoke demon.
Your smoke demon resists.
The bolt of fire hits your ynoxinul.
A tengu warrior comes into view.
It is wielding a long sword of draining.
You swap places.
The deep troll earth mage gestures at you while chanting.
You shatter!
You die...

▓▓▓▓▓▓▓▓▓▓▓▓▓▓▓▓▓▓▓▓▓▓▓▓▓▓▓▓▓▓▓
TT.YC..Q(GTTC3@355............▓
▓▓▓▓▓▓▓▓▓▓▓▓▓▓▓▓▓▓▓▓▓▓▓▓▓▓▓▓▓▓▓.▓
................................▓
▓▓▓▓▓▓▓▓▓▓▓▓▓▓▓▓▓▓▓▓▓▓▓▓▓▓▓▓▓▓▓▓▓
§....†))).†).÷))'...............▓
▓▓▓▓▓▓▓▓▓▓▓▓▓▓▓▓▓▓▓▓▓▓▓▓▓▓▓▓▓▓▓.▓
................................▓
▓▓▓▓▓▓▓▓▓▓▓▓▓▓▓▓▓▓▓▓▓▓▓▓▓▓▓▓▓▓▓▓▓
[[[[[[[[.))))).))...".'.........▓


You could see a fire giant, a great orb of eyes, a tengu warrior, 2 deep troll
earth magi, a friendly smoke demon, a friendly ynoxinul and 2 friendly ufetubi.

Vanquished Creatures
  A lich (D)
  2 thorn hunters (D)
  Donald (D)
  A ghost moth (D)
  2 very ugly things (D)
  2 stone giants (D)
  2 ettins (D)
  A merfolk impaler (D)
  2 yaktaur captains (D)
  A fire dragon (D)
  A ghost crab (D)
  A hydra (D)
  A naga warrior (D)
  An ice dragon (D)
  2 ogre magi (D)
  A merfolk avatar (D)
  A vampire mage (D)
  A spriggan berserker (D)
  A shock serpent (D)
  A hell knight (D)
  An unseen horror (D)
  5 hill giants (D)
  4 deep trolls (D)
  2 orb spiders (D)
  A harpy (D)
  An ugly thing (D)
  An orc sorcerer (D)
  A griffon (D)
  A manticore (D)
  A wolf spider (D)
  An elephant (D)
  2 water nymphs (D)
  3 black mambas (D)
  2 guardian serpents (D)
  A gargoyle (D)
  A demonic crawler (D)
  A yaktaur (D)
  A troll (D)
  3 merfolk (D)
  A jumping spider (D)
  A slime creature (D)
  A blink frog (D)
  3 yaks (D)
  2 tarantellas (D)
  A wyvern (D)
  A hippogriff (D)
  Grum (D)
  2 basilisks (D)
  A vampire mosquito (D)
  A naga (D)
  A water moccasin (D)
  2 hell hounds (D)
  2 porcupines (D)
  An ice beast (D)
  8 orc warriors (D)
  10 wolves (D)
  5 centaurs (D)
  2 crocodiles (D)
  3 giant frogs (D)
  A jelly (D)
  2 orc priests (D)
  An orc wizard (D)
  A worker ant (D)
  An adder (D)
  3 river rats (D)
  An ooze (D)
  6 orcs (D)
  A bat skeleton (D)
  A bat zombie (D)
  A giant gecko zombie (D)
  A giant newt (D)
  A kobold (D)
  A quokka skeleton (D)
  A quokka zombie (D)
  2 rats (D)
133 creatures vanquished.

Vanquished Creatures (collateral kills)
  A stone giant (D)
  A vampire knight (D)
  Harold (D)
  A centaur warrior (D)
  A tengu warrior (D)
  Urug (D)
  A jumping spider (D)
  A bog body (D)
  A mottled dragon (D)
  3 orc warriors (D)
  An orc wizard (D)
  2 orc priests (D)
  2 orcs (D)
17 creatures vanquished.

Vanquished Creatures (others)
  A hydra (D)
  An ogre mage (D)
  A naga mage (D)
  A spiny frog (D)
  An insubstantial wisp (D)
  A briar patch (D)
6 creatures vanquished.

Grand Total: 156 creatures vanquished

Notes
Turn   | Place    | Note
--------------------------------------------------------------
     0 | D        | Groucho the Gargoyle Fighter began the quest for the Orb.
     0 | D        | Reached XP level 1. HP: 14/14 MP: 1/1
    11 | D        | Reached XP level 2. HP: 20/20 MP: 2/2
   118 | D        | Noticed a centaur
   118 | D        | Noticed a centaur
   118 | D        | Noticed a centaur
   134 | D        | Killed a centaur
   134 | D        | Reached skill level 7 in Armour
   134 | D        | Reached XP level 3. HP: 9/24 MP: 3/3
   134 | D        | Reached XP level 4. HP: 11/30 MP: 4/4
   139 | D        | Killed a centaur
   139 | D        | Reached skill level 8 in Armour
   139 | D        | Reached XP level 5. HP: 13/34 MP: 5/5
   147 | D        | Killed a centaur
   147 | D        | Reached skill level 9 in Armour
   147 | D        | Reached XP level 6. HP: 11/39 MP: 6/6
   676 | D        | Found a glowing silver altar of Zin.
   676 | D        | Found a glowing golden altar of the Shining One.
   676 | D        | Found an ancient bone altar of Kikubaaqudgha.
   676 | D        | Found a basalt altar of Yredelemnul.
   676 | D        | Found a shimmering altar of Xom.
   676 | D        | Found a radiant altar of Vehumet.
   677 | D        | Found an iron altar of Okawaru.
   678 | D        | Found a burning altar of Makhleb.
   679 | D        | Found a deep blue altar of Sif Muna.
   680 | D        | Found a bloodstained altar of Trog.
   681 | D        | Found a sparkling altar of Nemelex Xobeh.
   682 | D        | Found a white marble altar of Elyvilon.
   683 | D        | Found a roughly hewn altar of Beogh.
   684 | D        | Found a viscous altar of Jiyva.
   685 | D        | Found a corrupted altar of Lugonu.
   686 | D        | Became a worshipper of Makhleb the Destroyer
   687 | D        | Found a blossoming altar of Fedhas.
   688 | D        | Found a snail-covered altar of Cheibriados.
   689 | D        | Found a shadowy altar of Dithmenos.
   690 | D        | Found a stormy altar of Qazlal.
   691 | D        | Found an opulent altar of Gozag.
   692 | D        | Found a sacrificial altar of Ru.
   693 | D        | Found an oddly glowing altar of Pakellas.
   694 | D        | Found a hide-covered altar of Uskayaw.
   695 | D        | Found a hazy altar of Hepliaklqana.
   746 | D        | Noticed a hippogriff
   746 | D        | Noticed a hill giant
   746 | D        | Noticed a hill giant
   755 | D        | Killed a hill giant
   755 | D        | Reached skill level 12 in Armour
   755 | D        | Reached XP level 7. HP: 37/44 MP: 7/7
   775 | D        | Killed a hill giant
   775 | D        | Reached * piety under Makhleb
   775 | D        | Reached skill level 5 in Axes
   775 | D        | Reached XP level 8. HP: 26/53 MP: 8/8
   809 | D        | Reached ** piety under Makhleb
   919 | D        | Noticed a manticore
   919 | D        | Noticed a wyvern
   931 | D        | Reached *** piety under Makhleb
   963 | D        | Killed an unseen horror
   963 | D        | Reached skill level 10 in Fighting
   963 | D        | Reached XP level 9. HP: 24/62 MP: 9/9
   979 | D        | Killed a manticore
   979 | D        | Reached **** piety under Makhleb
  1508 | D        | Reached ***** piety under Makhleb
  1528 | D        | Reached XP level 10. HP: 70/70 MP: 10/10
  1547 | D        | Noticed an elephant
  1547 | D        | Noticed a griffon
  1554 | D        | Killed a griffon
  1554 | D        | Reached ****** piety under Makhleb
  1554 | D        | Reached skill level 15 in Shields
  1580 | D        | Killed an elephant
  1716 | D        | Reached skill level 5 in Invocations
  1878 | D        | Noticed Maurice
  1922 | D        | Noticed Urug
  1925 | D        | Noticed Harold
  1934 | D        | Killed Urug
  1947 | D        | Killed Harold
  2265 | D        | Reached XP level 11. HP: 61/74 MP: 18/18
  2447 | D        | Noticed an orc sorcerer
  2463 | D        | Killed an orc sorcerer
  2463 | D        | Reached skill level 13 in Armour
  2492 | D        | Reached skill level 14 in Armour
  2674 | D        | Found Lazipir's Book Boutique.
  2674 | D        | Noticed a stone giant
  2674 | D        | Noticed a deep troll
  2674 | D        | Noticed an ogre mage
  2674 | D        | Noticed an ogre mage
  2674 | D        | Noticed a hill giant
  2675 | D        | Noticed a hill giant
  2680 | D        | Noticed a deep troll
  2684 | D        | Killed a hill giant
  2716 | D        | Killed a stone giant
  2716 | D        | Reached skill level 15 in Armour
  2731 | D        | Killed an ogre mage
  2731 | D        | Reached skill level 16 in Armour
  2752 | D        | Killed an ogre mage
  2765 | D        | Killed a deep troll
  2765 | D        | Reached skill level 17 in Armour
  2773 | D        | Killed a hill giant
  2789 | D        | Killed a deep troll
  2789 | D        | Reached skill level 18 in Armour
  2791 | D        | Found Bibuwnik's Armour Shop.
  2795 | D        | Found Ytruax Juda's Jewellery Boutique.
  2797 | D        | Noticed an ogre mage
  2798 | D        | Found Zitab's Food Shop.
  2798 | D        | Noticed a deep troll
  2802 | D        | Noticed a hill giant
  2803 | D        | Noticed a deep troll
  2806 | D        | Noticed a stone giant
  2818 | D        | Killed an ogre mage
  2828 | D        | Killed a stone giant
  2844 | D        | Killed a deep troll
  2844 | D        | Reached skill level 19 in Armour
  2851 | D        | Reached XP level 12. HP: 40/80 MP: 19/19
  2866 | D        | HP: 2/80 [deep troll (11)]
  3206 | D        | Noticed Grum
  3221 | D        | Killed Grum
  3225 | D        | Reached skill level 20 in Armour
  3285 | D        | Bought the ring of Gixzaul {Str+7 Dex+3} for 448 gold pieces
  3285 | D        | Bought an uncursed amulet of guardian spirit for 360 gold pieces
  3285 | D        | Bought the ring "Ninaigat" {rCorr rC+ rN+ Int-5 Dex+5} for 458 gold pieces
  3294 | D        | Bought a +3 plate armour of poison resistance for 504 gold pieces
  3294 | D        | Bought a +0 helmet for 54 gold pieces
  3294 | D        | Bought a +0 pair of boots for 54 gold pieces
  3868 | D        | Noticed a centaur warrior
  3871 | D        | Noticed a red very ugly thing
  3909 | D        | Killed a brown very ugly thing
  3913 | D        | Noticed a tengu warrior
  3915 | D        | Noticed a vampire knight
  3920 | D        | Reached skill level 21 in Armour
  3926 | D        | Paralysed by something for 4 turns
  3931 | D        | Paralysed by something for 7 turns
  3933 | D        | Killed a vampire knight
  3940 | D        | Killed a centaur warrior
  3950 | D        | Killed a tengu warrior
  4383 | D        | Noticed an ettin
  4384 | D        | Noticed a yaktaur captain
  4411 | D        | Reached skill level 22 in Armour
  4418 | D        | Killed an ettin
  4425 | D        | Killed a yaktaur captain
  4682 | D        | Noticed Donald
  4684 | D        | Noticed Sonja
  4705 | D        | Killed Donald
  4705 | D        | Reached skill level 5 in Maces & Flails
  5109 | D        | Noticed a merfolk impaler
  5110 | D        | Noticed a merfolk avatar
  5128 | D        | Killed a merfolk impaler
  5162 | D        | Reached XP level 13. HP: 84/84 MP: 13/20
  5186 | D        | Reached skill level 10 in Maces & Flails
  5420 | D        | Reached skill level 1 in Dodging
  5434 | D        | Killed a ghost moth
  5445 | D        | Reached skill level 5 in Dodging
  5911 | D        | Noticed a thorn hunter
  5920 | D        | Noticed a thorn hunter
  5927 | D        | Killed a thorn hunter
  5951 | D        | Killed a thorn hunter
  5966 | D        | Reached skill level 10 in Dodging
  6303 | D        | Noticed a lich
  6303 | D        | Noticed an ettin
  6303 | D        | Noticed an ice dragon
  6303 | D        | Noticed a white very ugly thing
  6312 | D        | Noticed a fire dragon
  6321 | D        | Killed a white very ugly thing
  6333 | D        | Killed a lich
  6334 | D        | Noticed a yaktaur captain
  6335 | D        | Noticed a stone giant
  6350 | D        | Killed an ice dragon
  6350 | D        | Gained mutation: Your large and strong wings let you fly indefinitely. [Gargoyle growth]
  6350 | D        | Reached XP level 14. HP: 67/90 MP: 15/21
  6365 | D        | Noticed a fire giant
  6416 | D        | Killed a stone giant
  6431 | D        | Killed from afar by a deep troll earth mage

Vault maps used:
D:        linesprint

Skill      XL: |  1  2  3  4  5  6  7  8  9 10 11 12 13 14 |
---------------+-------------------------------------------+-----
Fighting       | 4 7 10 11 | 11.5
Axes           | 2 5 8 9 |  9.4
Shields        | 7 8 9 12 14 17 | 17.0
Armour         | 7 8 9 12 19 22 | 22.6
Invocations    | 9 |  9.8
Maces & Flails | 8 13 | 13.0
Dodging        | 12 14 | 14.2

Action                   |  1- 3 |  4- 6 |  7- 9 | 10-12 | 13-15 || total
-------------------------+-------+-------+-------+-------+-------++-------
Melee: War axe           |    23 |    17 |       |       |       ||    40
       Morningstar       |       |     9 |   154 |   551 |       ||   714
       Demon whip        |       |       |       |    77 |   293 ||   370
Invok: Lesser Servant of |       |       |       |     8 |     6 ||    14
       Greater Servant o |       |       |       |     2 |       ||     2
  Use: Potion            |     1 |     1 |     3 |     6 |     1 ||    12
       Scroll            |       |       |       |     1 |       ||     1
 Stab: Distracted        |       |       |       |       |     1 ||     1
  Eat: Bread ration      |       |       |     1 |     2 |     1 ||     4
       Fruit             |       |       |       |     1 |     1 ||     2
       Meat ration       |       |       |       |     1 |       ||     1
Armor: Scale mail        |     7 |    11 |       |       |       ||    18
       Plate armour      |       |     4 |   110 |   403 |   124 ||   641
Dodge: Dodged            |     8 |     8 |    30 |   147 |    59 ||   252
Block: Shield            |    12 |    14 |    85 |   415 |   148 ||   674
